Map: Prion Terraces

Players

llllllllllll

  • Race: Terran Terran
  • League: Master

Miszu - Winner!

  • Race: Terran Terran
  • League: Master

VOD

Have the link to the VOD?

Description

Time

  • Played on: March 7, 2016, 6:57 p.m.
  • Length: 9:01
Show
View Real Time Build Order
Export as new Build Order

llllllllllll Terran 

Build Orders: 1/1/1 

Get SALT Encoding   

  12  0:01  SCV  
  13  0:13  SCV  
  14  0:21  Supply Depot  
  14  0:25  SCV  
  15  0:30  Refinery  
  15  0:42  SCV  
  16  0:46  Barracks  
  16  0:54  SCV  
  17  1:05  Refinery  
  17  1:06  SCV  
  18  1:18  SCV  
  19  1:35  Orbital Command  
  19  1:36  Factory, Marine  
  20  1:45  Supply Depot  
  20  1:54  Marine  
  21  2:03  SCV  
  22  2:12  Marine  
  23  2:20  SCV  
  23  2:21  Starport, Widow Mine  
  26  2:31  Marine  
  26  2:32  SCV  
  28  2:38  Supply Depot  
  28  2:44  SCV  
  28  2:50  Widow Mine  
  31  2:59  Marine  
  31  3:00  Supply Depot  
  31  3:03  Medivac  
  35  3:05  SCV  
  35  3:17  Marine  
  36  3:24  Factory Tech Lab  
  36  3:27  SCV  
  36  3:33  Viking  
  39  3:35  Marine  
  40  3:43  Cyclone  
  40  3:46  Supply Depot  
  43  4:00  SCV  
  43  4:12  SCV  
  36  4:29  SCV  
  34  4:35  Barracks Reactor, Command Center  
  34  4:40  Factory Tech Lab  
  34  4:41  Raven, SCV  
  37  4:59  Siege Tank  
  36  5:01  SCV  
  35  5:13  SCV  
  35  5:26  SCV  
  36  5:31  Siege Tank  
  36  5:34  Viking  
  41  5:37  Viking  
  41  5:38  SCV  
  44  5:50  SCV  
  45  6:02  SCV  
  46  6:04  Viking  
  46  6:05  Liberator  
  46  6:06  Marine  
  49  6:14  SCV  
  49  6:15  Hellion  
  49  6:17  Orbital Command  
  55  6:25  Marine  
  55  6:26  SCV  
  55  6:29  Barracks  
  55  6:30  Barracks  
  57  6:38  SCV  
  58  6:42  Refinery  
  58  6:43  Refinery  
  58  6:44  Siege Tank  
  58  6:46  SCV  
  62  6:50  Supply Depot, SCV  
  63  6:58  SCV  
  64  7:02  SCV  
  63  7:17  Siege Tank  
  63  7:21  Viking  
  68  7:29  Marine  
  69  7:30  Marine x2  
  69  7:33  SCV  
  66  7:40  SCV  
  53  7:47  Marine x2  
  53  7:49  Siege Tank  
  53  7:50  SCV  
  55  7:52  SCV  
  56  8:02  SCV  
  56  8:03  Marine  
  56  8:05  Marine, Medivac  
  61  8:07  SCV  
  61  8:10  Medivac  
  64  8:13  Supply Depot  
  64  8:14  SCV  
  64  8:18  Marine  
  63  8:22  Marine  
  64  8:27  Barracks  
  64  8:29  Barracks  
Show
View Real Time Build Order
Export as new Build Order

Miszu Terran - Winner!

Build Orders: 1/1/1, Liberator Opening, MMM Bio 

Get SALT Encoding   

  12  0:00  SCV  
  13  0:12  SCV  
  14  0:18  Supply Depot  
  14  0:24  SCV  
  15  0:37  Refinery  
  15  0:39  SCV  
  16  0:44  Barracks  
  16  0:51  SCV  
  16  0:53  Refinery  
  17  1:04  SCV  
  18  1:16  SCV  
  20  1:33  Factory, Orbital Command  
  20  1:37  Reaper  
  20  1:43  Supply Depot  
  20  1:58  SCV  
  21  2:09  Reaper  
  21  2:11  SCV  
  23  2:18  Starport, Factory Tech Lab  
  23  2:23  SCV  
  23  2:26  Supply Depot  
  23  2:29  Hellion  
  26  2:35  SCV  
  27  2:39  Liberator  
  27  2:41  Reaper  
  28  2:47  SCV  
  28  2:50  Hellion  
  34  2:59  SCV  
  34  3:00  Supply Depot  
  35  3:19  SCV  
  36  3:25  Factory Tech Lab  
  36  3:26  Barracks Reactor  
  34  3:31  Engineering Bay, SCV  
  35  3:39  Viking  
  37  3:43  SCV  
  37  3:44  Cyclone  
  42  3:56  SCV  
  42  3:59  Command Center  
  42  4:02  Marine  
  43  4:03  Marine  
  44  4:11  SCV  
  42  4:26  SCV  
  42  4:29  Siege Tank  
  47  4:38  Barracks  
  47  4:44  Barracks  
  47  4:49  SCV  
  47  4:50  Supply Depot  
  46  5:01  SCV  
  46  5:08  Marine  
  46  5:09  Marine  
  46  5:13  SCV  
  47  5:22  Orbital Command  
  47  5:24  Refinery  
  47  5:25  Refinery, SCV  
  47  5:26  Marine  
  49  5:32  Marine  
  49  5:33  Barracks Tech Lab  
  49  5:34  Barracks Tech Lab  
  48  5:37  Terran Infantry Weapons Level 1, SCV  
  48  5:39  Starport Reactor  
  49  5:45  Marine, Siege Tank  
  53  5:50  SCV x2  
  53  5:55  Marine x2  
  57  6:02  SCV  
  57  6:03  SCV  
  60  6:09  Marine  
  60  6:11  Stimpack, Combat Shields  
  61  6:13  Marine x2  
  61  6:15  SCV  
  61  6:17  Supply Depot  
  61  6:18  Supply Depot  
  63  6:28  Marine x2  
  63  6:31  Marine  
  66  6:33  Barracks, Siege Tank  
  66  6:34  Barracks  
  66  6:38  Medivac x2  
  73  6:45  Supply Depot  
  73  6:46  Supply Depot, Marine  
  74  6:47  Marine  
  74  6:48  Marine  
  74  6:51  SCV x2  
  74  6:54  Marine  
  76  7:04  Marine  
  76  7:05  Marine  
  78  7:08  Medivac  
  76  7:19  Marine  
  76  7:20  Medivac, Siege Tank  
  76  7:21  Marine  
  82  7:23  Marine  
  82  7:24  SCV x2  
  84  7:36  SCV  
  70  7:44  Marine  
  70  7:47  Marine x3  
  70  7:48  Marine x2, Medivac  
  70  7:50  Medivac  
  80  7:52  Siege Tank  
  83  8:01  Supply Depot  
  83  8:02  Marine  
  83  8:05  Marine x3  
  86  8:06  Marine x2  
  89  8:19  Marine  
  89  8:20  Medivac  
  89  8:21  Medivac  
  89  8:23  Marine x5  
  99  8:37  Marine  
  99  8:40  Marine  
  99  8:41  Marine  
Tags
 
Add a new tag
Caveats
  • Supply blocks, unpowered buildings, or Contaminate may cause inaccurate times.
  • Supply counts are checked every 10 seconds.